 Dungeon Crawl Stone Soup version 0.27-a0-972-gd1521fd518 (webtiles) character file.

Game seed: 2577344435127041366

148 kae the Ruffian (level 5, -6/41 HPs)
             Began as a Draconian Transmuter on Apr 13, 2021.
             Mangled by Crazy Yiuf
             ... wielding a +2 quarterstaff of chaos
              (14 damage)
             ... on level 3 of the Dungeon.
             The game lasted 00:03:28 (3823 turns).

kae the Ruffian (Draconian Transmuter)              Turns: 3823, Time: 00:03:29

Health: -6/41      AC:  2    Str: 14    XL:     5   Next: 8%
Magic:  1/8        EV: 20    Int: 13    God:
Gold:   1119       SH:  0    Dex: 22    Spells: 5/9 levels left

rFire    + . .     SeeInvis .     - Unarmed
rCold    + . .     Faith    .   (shield currently unavailable)
rNeg     . . .     Spirit   .   (armour unavailable)
rPois    .         Reflect  .   (helmet currently unavailable)
rElec    +         Harm     .   (cloak currently unavailable)
rCorr    +         Rampage  .   (gloves currently unavailable)
Will     .....                  (boots currently unavailable)
Stlth    ++........             (no amulet)
HPRegen  0.13/turn              i - +6 ring of dexterity
MPRegen  0.11/turn              k - ring of flight

@: spider-form (expiring), resistant, flying, very slightly contaminated,
invisible
A: venomous fangs, AC +5, tiny, unfitting armour, (cold-blooded)
a: End Transformation


You were on level 3 of the Dungeon.
You were a venomous arachnid creature.
You visited 1 branch of the dungeon, and saw 3 of its levels.

You collected 1169 gold pieces.
You spent 50 gold pieces at shops.

Inventory:

Missiles
 j - 8 curare-tipped darts
Jewellery
 h - a ring of fire
 i - a +6 ring of dexterity (left front leg)
 k - a ring of flight (right front leg)
Scrolls
 f - 3 scrolls of teleportation
 l - a scroll of silence {unknown}
Potions
 a - a potion of heal wounds
 b - a potion of curing
 c - a potion of lignification {unknown}
 d - a potion of magic {unknown}
 g - a potion of might {unknown}


   Skills:
 + Level 2.1 Fighting
 + Level 2.2 Dodging
 * Level 4.0 Unarmed Combat
 + Level 2.5 Spellcasting
 * Level 3.2 Transmutations
 * Level 0.7 Poison Magic


You had 5 spell levels left.
You knew the following spells:

 Your Spells              Type           Power      Damage    Failure   Level
a - Beastly Appendage     Tmut           20%        N/A       17%         1
b - Spider Form           Tmut/Pois      3%         N/A       54%         3

Your spell library contained the following spells:

 Spells                   Type           Power      Damage    Failure   Level
 Wereblood                Tmut           10%        N/A       24%         2
 Ice Form                 Ice/Tmut       5%         N/A       90%         4
 Hydra Form               Tmut           5%         N/A       96%         5


Dungeon Overview and Level Annotations

Branches:
Dungeon (3/15)

Altars:

Shops:
D:1 [*   D:2 **   D:3 :

Annotations:
D:3 Crazy Yiuf


Innate Abilities, Weirdness & Mutations

You are a venomous arachnid creature.
You have poisonous fangs.
You are tiny and dextrous.
Your spellcasting is less reliable in this form.
Your armour is entirely melded.
You are incapable of wielding weapons or throwing items.
((Your plain brown scales are hard. (AC +5)))
You cannot fit into any form of body armour.
((You are cold-blooded and may be slowed by cold attacks.))


Message History

You completely miss Crazy Yiuf.
Crazy Yiuf is moderately wounded.
You feel very sick. Crazy Yiuf closely misses you.
You barely miss Crazy Yiuf.
Crazy Yiuf is moderately wounded.
Your transformation is almost over.
You feel very sick. Crazy Yiuf barely misses you.
You barely miss Crazy Yiuf.
Crazy Yiuf is moderately wounded.
You feel sick.
Crazy Yiuf twirls on the spot.
Crazy Yiuf hits you with a +2 quarterstaff of chaos!
* * * LOW HITPOINT WARNING * * *
You feel your power leaking away.
You hit Crazy Yiuf.
Crazy Yiuf is moderately wounded.
* * * LOW HITPOINT WARNING * * *
You feel very sick. Crazy Yiuf misses you.
You hit Crazy Yiuf but do no damage.
Crazy Yiuf is poisoned.
Crazy Yiuf is moderately wounded.
* * * LOW HITPOINT WARNING * * *
You feel sick. Crazy Yiuf barely misses you.
You feel better. Crazy Yiuf closely misses you.
You hit Crazy Yiuf but do no damage.
Crazy Yiuf is moderately wounded.
Crazy Yiuf hits you with a +2 quarterstaff of chaos!
* * * LOW HITPOINT WARNING * * *
You fade into invisibility!
You are very lightly contaminated with residual magic.
You completely miss Crazy Yiuf.
Crazy Yiuf is moderately wounded.
Crazy Yiuf laughs, "East senile infinity!"
Crazy Yiuf misses you.
It was a potion of resistance.
You feel protected.
Crazy Yiuf hits you with a +2 quarterstaff of chaos!
You die...

##.#### #.#
#.....†.....
######.....# ###
#.....##.#.#
#.......#.##
#.##.###.#.#
#...#####.# #####
####.# #.#..
......###.## #)..#
#.# #.#.#
...........# #...#
#.# #.##.
........#.## *...*
#.# #.###
#...##..#.# *#g#*
####.###.# #
#...##..#.# #s##
#........# #
...###..#.# ##.#
####.##### # ####
#..#.## #.##
#....####### #
#..#..# ##.#
#.........## #
#..##.# ##.##
#.##.####.## #
#..##.# ##...#
#..#.# #.## #
#..##.# #....#
#....# #.## #
#..##.# ##..##
#....####.#. #
#####.#
#....###...........


You could see Crazy Yiuf (very poisoned).

Vanquished Creatures
  An orc wizard (D:3)
  Terence (D:2)
  3 adders
  3 dart slugs
  4 orcs (D:3)
  5 ball pythons
  3 bats
  4 endoplasms
  3 giant cockroaches
  3 goblins
  8 hobgoblins
  7 jackals (D:3)
  2 quokkas
  5 frilled lizards
  5 kobolds
  5 rats (D:1)
62 creatures vanquished.

Notes
Turn   | Place    | Note
-------+----------+-------------------------------------------
     0 | D:1      | kae the Draconian Transmuter began the quest for the Orb.
     0 | D:1      | Reached XP level 1. HP: 16/16 MP: 3/3
    37 | D:1      | Found Vuomeac's General Store.
    65 | D:1      | Bought a potion of curing for 30 gold pieces
   286 | D:1      | Found a faded altar of an unknown god.
   310 | D:1      | Reached XP level 2. HP: 23/23 MP: 3/5
   791 | D:1      | Found Peisaco's Armour Emporium.
  1055 | D:2      | Reached XP level 3. HP: 28/28 MP: 4/6
  1340 | D:2      | Noticed Terence
  1665 | D:1      | Learned a level 3 spell: Spider Form
  1703 | D:2      | Killed Terence
  1704 | D:2      | Reached XP level 4. HP: 30/36 MP: 3/7
  1991 | D:2      | Found Ycats's General Store.
  2118 | D:2      | Found Jexkysa's General Store.
  2136 | D:2      | Bought a scroll of identify for 20 gold pieces
  2389 | D:3      | Identified a scroll of acquirement
  2389 | D:3      | Acquired 1005 gold pieces
  2933 | D:3      | Found a runed translucent door.
  2934 | D:3      | Noticed Crazy Yiuf
  3125 | D:3      | Reached skill level 4 in Unarmed Combat
  3129 | D:3      | Reached XP level 5. HP: 22/41 MP: 2/8
  3607 | D:3      | Found Ciwuzuo's Book Shoppe.
  3823 | D:3      | Mangled by Crazy Yiuf

Illustrated notes

Levels and vault maps discovered:
D:1:      dpeg_arrival_simpleton_b, layout_rooms, serial_shops, shop_coins,
          shop_fountains, shapermc_ecumenical_altar_mp_highgroup
D:2:      layout_loops_ring, serial_shops, shop, nicolae_shop_window_shopping,
          minmay_tetromino_t2, uniq_terence
D:3:      layout_loops_ring, nicolae_overflow_hidden_temple, serial_shops,
          nicolae_shop_behind_doors, minmay_quantized, uniq_crazy_yiuf_cottage

Skill      XL: |  1  2  3  4 |
---------------+-------------+-----
Dodging        | 2 |  2.2
Fighting       | 2 |  2.1
Transmutations | 3 |  3.2
Unarmed Combat | 4 |  4.0
Spellcasting   | |  2.5
Poison Magic   | |  0.7

Action                   |  1- 3 |  4- 6 || total
-------------------------+-------+-------++-------
Melee: Unarmed           |    97 |   109 ||   206
       Tailslap          |     9 |     5 ||    14
       Headbutt          |     6 |    10 ||    16
       Kick              |     6 |    12 ||    18
       Punch             |     2 |       ||     2
 Cast: Beastly Appendage |    18 |    13 ||    31
       Spider Form       |     1 |     3 ||     4
  Use: Scroll            |     2 |     6 ||     8
       Potion            |       |     2 ||     2
Armor: Skin              |    31 |    20 ||    51
Dodge: Dodged            |    64 |    63 ||   127

Table legend: (Time is in decaauts)
 A = Elapsed time spent in this place.
 B = Non-inter-level travel time spent in this place.
 C = Inter-level travel time spent in this place.
 D = Time resting spent in this place.
 E = Time spent auto-exploring this place.
 F = Levels seen in this place.
 G = Mean time per level.
                   A        B        C        D        E       F      G
               +--------+--------+--------+--------+--------+-----+--------+
         Total |   3813 |   3769 |     44 |    946 |   2327 |   3 | 1271.0 |
       Dungeon |   3813 |   3769 |     44 |    946 |   2327 |   3 | 1271.0 |
               +--------+--------+--------+--------+--------+-----+--------+

Top non-repeatable levels by time:
     D:3: 1567 daAuts
     D:1: 1264 daAuts
     D:2: 981 daAuts
